 Dungeon Crawl Stone Soup version v3.33-hellcrawl-189-gd9da4bb (webtiles) character file.

36 Devour the Thaumaturge (level 11, -2/60 HPs) *CASUAL*
             Began as a Deep Elf Fire Elementalist on Sept 30, 2017.
             Was a Follower of Vehumet.
             Slain by a black mamba zombie (10 damage)
             ... on level 8 of the Dungeon.
             The game lasted 00:31:30 (8306 turns).

Devour the Thaumaturge (Deep Elf Fire Elementalist) Turns: 8306, Time: 00:31:31

Health: -2/60      AC:  4 (0%)Str:  5   XL:     11   Next: 31%
Magic:  22/30      EV: 18    Int: 24    God:    Vehumet [1*[49]]
Gold:   494        SH:  0    Dex: 15    Spells: 13/36 levels left

rFire    . . .     SeeInvis +   C - staff of wizardry
rCold    . . .     Faith    .   (no shield)
rNeg     + . .     Spirit   .   a - +0 robe
rPois    .         Reflect  .   (no helmet)
rElec    .                      q - +0 cloak
rCorr    .                      B - +0 pair of gloves
MR       +....                  (no boots)
Stlth    +++.......             (no amulet)
Regen    0.2/turn               e - ring of positive energy
MPRegen  0.3/turn               f - ring of see invisible

@: no status effects
A: no striking features
a: Renounce Religion


You were on level 8 of the Dungeon.
You worshipped Vehumet.
Vehumet was aware of your devotion.
You were not hungry.

You visited 1 branch of the dungeon, and saw 8 of its levels.

You collected 494 gold pieces.

Inventory:

Missiles
 c - 2144 stones (quivered)
 l - 882 arrows
 r - 98 poisoned darts
 s - 53 tomahawks
 t - 114 javelins
 y - 251 bolts
Armour
 a - a +0 robe (worn)
 q - a +0 cloak (worn)
 B - a +0 pair of gloves (worn)
Magical Staves
 C - an uncursed staff of wizardry (weapon)
Jewellery
 e - a ring of positive energy (left hand)
 f - a ring of see invisible (right hand)
Wands
 u - a wand of confusion (7)
 z - a wand of acid (6)
 D - a wand of iceblast (7)
Scrolls
 g - 6 scrolls of amnesia
 h - 6 scrolls of fear
 i - 3 scrolls of immolation
 j - 2 scrolls of blinking
 n - 4 scrolls of enchant weapon
 p - 3 scrolls of teleportation
 A - a scroll of enchant armour
Potions
 b - 2 potions of flight
 d - 4 potions of curing
 k - 3 potions of heal wounds
 m - 2 potions of resistance
 o - a potion of haste
 v - 3 potions of ambrosia
 w - 2 potions of cancellation
 x - a potion of berserk rage


   Skills:
 - Level 3.8 Fighting
 * Level 1.9 Maces & Staves
 + Level 9.3 Dodging
 - Level 4.0 Stealth
 * Level 13.3 Spellcasting
 * Level 11.5 Fire Magic
 - Level 4.0 Air Magic


You had 13 spell levels left.
You knew the following spells:

 Your Spells              Type           Power        Failure   Level  Hunger
a - Flame Tongue          Fire           40 (40)      1%          1    None
b - Searing Ray           Fire           50 (50)      1%          2    None
c - Conjure Flame         Fire/Air       52 (100)     1%          3    None
d - Sticky Flame          Fire           63 (100)     1%          4    None
e - Fireball              Fire           63 (200)     1%          5    ###....
f - Inner Flame           Hex/Fire       43 (100)     1%          3    None
g - Blink                 Tloc           N/A          2%          2    None
h - Static Discharge      Air            35 (100)     1%          3    None


Dungeon Overview and Level Annotations

Branches:
Dungeon (8/15)

Altars:
Cheibriados
Dithmenos
Elyvilon
Gozag
Hepliaklqana
Kikubaaqudgha
Makhleb
Nemelex Xobeh
Okawaru
Qazlal
Ru
Sif Muna
Trog
Uskayaw
Vehumet
Xom
Yredelemnul
Zin
The Shining One


Message History

The black mamba zombie bites you (6).
Casting: Searing Ray
Confirm with . or Enter, or press ? or * to list all spells.
Aiming: Searing Ray
Press: ? - help, Shift-Dir - straight line, f/p - black mamba zombie
Aim: a black mamba zombie (heavily damaged)
The searing ray hits the black mamba zombie (5).
The black mamba zombie is severely damaged. (Press . to maintain the ray.)
The black mamba zombie barely misses you.
The searing ray hits the black mamba zombie (2).
The black mamba zombie is severely damaged.
The black mamba zombie bites you (9)!
The black mamba zombie closely misses you.
The searing ray hits the black mamba zombie (6).
The black mamba zombie is severely damaged.
The black mamba zombie bites you (16)!
* * * LOW HITPOINT WARNING * * *
The black mamba zombie bites you (10)!
You die...

................#
................#
################# .#
.........# .#
.........# .# .......
############...######
...........#...##...#
...........#...Z@...#
...........#...#....#
...........#...#....#
.....).....#...#....#
....).)....######...#
#######.....#..##...#
#.)...#.......#
#.....#.......#
#.....#.......#


You could see a black mamba zombie.

Vanquished Creatures
  Erica (D:8)
  A rime drake (D:8)
  Grinder (D:7)
  Sigmund (D:3)
  Eustachio (D:6)
  Menkaure (D:8)
  3 ice beasts
  2 ogres
  2 black bears (D:7)
  6 orc warriors
  2 centaurs
  Blork the orc (D:4)
  A big kobold (D:4)
  A wyvern zombie (D:6)
  3 bullfrogs
  4 scorpions
  4 killer bees (D:8)
  4 crimson imps
  4 wights (D:5)
  A howler monkey (D:5)
  A bullfrog zombie (D:4)
  2 centaur zombies
  2 centaur skeletons
  6 orc priests
  A quasit (D:6)
  5 hounds
  A bullfrog skeleton (D:6)
  4 orc wizards
  5 worker ants
  A hound skeleton (D:7)
  A worker ant zombie (D:5)
  8 adders
  An ooze (D:3)
  2 dart slugs
  26 orcs
  13 quokkas
  A ball python (D:3)
  6 giant cockroaches
  4 goblins
  6 hobgoblins
  9 jackals
  7 bats
  10 frilled lizards
  11 kobolds
  18 rats
  A spectral orc (D:5)
  2 plants (D:4)
198 creatures vanquished.

Vanquished Creatures (others)
  2 plants (D:4)
2 creatures vanquished.

Grand Total: 200 creatures vanquished

Notes
Turn   | Place    | Note
-------+----------+-------------------------------------------
     0 | D:1      | Devour the Deep Elf Fire Elementalist began the quest for the Orb.
     0 | D:1      | Reached XP level 1. HP: 10/10 MP: 6/6
    33 | D:1      | Reached XP level 2. HP: 15/15 MP: 6/8
    37 | D:1      | Learned a level 2 spell: Searing Ray
   349 | D:1      | Reached XP level 3. HP: 19/19 MP: 8/10
   726 | D:1      | Reached skill level 4 in Spellcasting
   952 | D:2      | Reached XP level 4. HP: 24/24 MP: 10/12
   957 | D:2      | Learned a level 3 spell: Conjure Flame
  1283 | D:2      | Reached XP level 5. HP: 24/28 MP: 8/14
  1594 | D:2      | Found an ancient bone altar of Kikubaaqudgha.
  1799 | D:3      | Reached skill level 5 in Spellcasting
  1820 | D:3      | Found a sacrificial altar of Ru.
  1933 | D:3      | Reached skill level 5 in Fire Magic
  1933 | D:3      | Reached XP level 6. HP: 18/32 MP: 11/16
  2129 | D:3      | Found a faded altar of an unknown god.
  2135 | D:3      | Noticed Sigmund
  2184 | D:3      | Reached skill level 6 in Spellcasting
  2371 | D:3      | Reached skill level 1 in Air Magic
  2437 | D:3      | Found a deep blue altar of Sif Muna.
  2654 | D:3      | Found a shadowy altar of Dithmenos.
  2837 | D:3      | Killed Sigmund
  2837 | D:3      | Reached skill level 5 in Dodging
  2837 | D:3      | Reached skill level 7 in Spellcasting
  2837 | D:3      | Reached XP level 7. HP: 11/36 MP: 5/19
  3410 | D:4      | Noticed Blork the orc
  3422 | D:4      | Killed Blork the orc
  3422 | D:4      | Reached XP level 8. HP: 41/41 MP: 12/21
  3589 | D:4      | Reached skill level 8 in Spellcasting
  3812 | D:4      | Found a sparkling altar of Nemelex Xobeh.
  4046 | D:4      | Found a hide-covered altar of Uskayaw.
  4235 | D:5      | Entered Level 5 of the Dungeon
  4270 | D:5      | Found a glowing golden altar of the Shining One.
  4358 | D:5      | Found a hazy altar of Hepliaklqana.
  4358 | D:5      | Found an opulent altar of Gozag.
  4360 | D:5      | Found a white marble altar of Elyvilon.
  4385 | D:5      | Reached skill level 9 in Spellcasting
  4493 | D:5      | Found a basalt altar of Yredelemnul.
  4796 | D:5      | Found a burning altar of Makhleb.
  4796 | D:5      | Noticed a green death
  4851 | D:5      | Reached XP level 9. HP: 45/45 MP: 21/24
  4930 | D:5      | Found a radiant altar of Vehumet.
  4938 | D:5      | Became a worshipper of Vehumet
  5037 | D:5      | Learned a level 4 spell: Sticky Flame
  5045 | D:5      | Learned a level 5 spell: Fireball
  5049 | D:5      | Learned a level 3 spell: Inner Flame
  5138 | D:6      | Found a shimmering altar of Xom.
  5139 | D:6      | Reached skill level 1 in Fighting
  5157 | D:6      | Reached skill level 10 in Spellcasting
  5343 | D:6      | Learned a level 2 spell: Blink
  5763 | D:6      | Noticed Eustachio
  5788 | D:6      | Killed Eustachio
  5788 | D:6      | Reached skill level 11 in Spellcasting
  5992 | D:6      | Found an iron altar of Okawaru.
  6317 | D:6      | Reached XP level 10. HP: 45/54 MP: 22/27
  6708 | D:7      | Found a glowing golden altar of the Shining One.
  6709 | D:7      | Found a glowing silver altar of Zin.
  6709 | D:7      | Found a snail-covered altar of Cheibriados.
  6710 | D:7      | Found a stormy altar of Qazlal.
  6725 | D:7      | Found a bloodstained altar of Trog.
  6741 | D:7      | Reached skill level 10 in Fire Magic
  6761 | D:7      | Reached * piety under Vehumet
  6761 | D:7      | Offered knowledge of Force Lance by Vehumet.
  6938 | D:7      | Noticed Grinder
  6943 | D:7      | Killed Grinder
  6998 | D:7      | Reached skill level 12 in Spellcasting
  7859 | D:8      | Reached XP level 11. HP: 60/60 MP: 19/29
  7937 | D:8      | Noticed Menkaure
  7939 | D:8      | Killed Menkaure
  7950 | D:8      | Reached skill level 13 in Spellcasting
  8120 | D:8      | Noticed Erica
  8129 | D:8      | Killed Erica
  8129 | D:8      | Reached skill level 1 in Maces & Staves
  8154 | D:8      | Reached ** piety under Vehumet
  8154 | D:8      | Offered knowledge of Static Discharge by Vehumet.
  8164 | D:8      | Learned a level 3 spell: Static Discharge
  8306 | D:8      | Slain by a black mamba zombie

Skill      XL: |  1  2  3  4  5  6  7  8  9 10 11 |
---------------+----------------------------------+-----
Dodging        | 3 4 5 6 7 8 9 |  9.3
Spellcasting   | 4 5 7 9 11 12 13 | 13.3
Fire Magic     | 4 5 6 8 9 11 | 11.5
Stealth        | 3 4 |  4.0
Air Magic      | 2 3 4 |  4.0
Fighting       | 2 3 |  3.8
Maces & Staves | 1 |  1.9

Action                   |  1- 3 |  4- 6 |  7- 9 | 10-12 || total
-------------------------+-------+-------+-------+-------++-------
Melee: Unarmed           |       |     4 |     8 |       ||    12
       Double sword      |       |       |    30 |    33 ||    63
 Cast: Flame Tongue      |    44 |    85 |   105 |    55 ||   289
       Searing Ray       |       |     2 |    26 |    20 ||    48
       Conjure Flame     |       |     1 |     8 |     7 ||    16
       Fireball          |       |       |     2 |    14 ||    16
       Inner Flame       |       |       |     1 |     3 ||     4
       Sticky Flame      |       |       |       |     1 ||     1
  Use: Scroll            |       |       |       |     1 ||     1
 Stab: Sleeping          |       |       |     1 |       ||     1
Armor: Robe              |     7 |     3 |    15 |    10 ||    35
Dodge: Dodged            |     9 |    27 |    84 |    89 ||   209
